 Dungeon Crawl Stone Soup version 0.29.1-1-gd02db6906a (webtiles) character file.

Game seed: 17731926524943774481

52 funnyparkerb the Cudgeller (level 3, 0/31 HPs)
             Began as a Minotaur Berserker on Sept 19, 2022.
             Was a Follower of Trog.
             Slain by a gnoll
             ... wielding a +0 flail
              (9 damage)
             ... on level 2 of the Dungeon.
             The game lasted 00:01:24 (751 turns).

funnyparkerb the Cudgeller (Minotaur Berserker)      Turns: 751, Time: 00:01:24

Health: 0/31       AC:  3    Str: 23    XL:     3   Next: 60%
Magic:  2/2        EV: 12    Int:  4    God:    Trog [*.....]
Gold:   16         SH:  0    Dex:  9    Spells: 2/2 levels left

rFire   . . .      SeeInvis .   a - +0 mace
rCold   . . .      Faith    .   (no shield)
rNeg    . . .      Spirit   .   b - +0 animal skin
rPois   .          Reflect  .   (helmet restricted)
rElec   .          Harm     .   e - +0 cloak
rCorr   .          Rampage  .   (no gloves)
Will    .....                   (no boots)
Stlth   +.........              (no amulet)
HPRegen 0.10/turn               (no ring)
MPRegen 0.08/turn               (no ring)

@: on berserk cooldown, slowed, very slow
A: horns 2, retaliatory headbutt
a: Renounce Religion, Berserk


You were on level 2 of the Dungeon.
You worshipped Trog.
Trog was aware of your devotion.
You visited 1 branch of the dungeon, and saw 2 of its levels.

You collected 16 gold pieces.

Inventory:

Hand Weapons
 a - a +0 mace (weapon)
Armour
 b - a +0 animal skin (worn)
 e - a +0 cloak (worn)
Scrolls
 c - 3 scrolls of identify {unknown}
 g - a scroll of enchant weapon {unknown}
Potions
 d - a potion of resistance {unknown}
 f - a potion of brilliance {unknown}
 h - a potion of cancellation {unknown}
 i - a potion of magic {unknown}


   Skills:
 - Level 3.6 Fighting
 + Level 5.6 Maces & Flails
 - Level 2.4 Armour
 - Level 2.1 Dodging


You had 2 spell levels left.
You didn't know any spells.
Your spell library was empty.

Dungeon Overview and Level Annotations

Branches:
Dungeon (2/15)

Altars:


Innate Abilities, Weirdness & Mutations

You have a pair of horns on your head.
You reflexively headbutt those who attack you in melee.


Message History

You kill the gnoll!
Trog accepts your kill. The gnoll misses you.
Things that are here:
a +0 halberd; a gnoll corpse You hit the gnoll.
The gnoll is lightly wounded.
The gnoll hits you with a +0 spear.
You barely miss the gnoll. You headbutt the gnoll.
The gnoll is moderately wounded.
You sock the gnoll!
You kill the gnoll!
Trog accepts your kill.
No target in view!
j - a +0 halberd You drop a +0 halberd.
You feel a strong urge to attack something.
You are no longer berserk.
You are exhausted.
You feel yourself slow down.
Search for what [Enter for "armour", or ? for help]? armour You see here a +0 club.
A gnoll comes into view. It is wielding a +0 flail.
You see here a +0 dagger.
The gnoll shouts!
The gnoll hits you with a +0 flail!
There is a stone staircase leading up, spattered with blood here.
You hit the gnoll but do no damage. The gnoll hits you with a +0 flail.
You sock the gnoll! Your headbutt misses the gnoll.
The gnoll is severely wounded.
The gnoll closely misses you. The gnoll hits you with a +0 flail!
* * * LOW HITPOINT WARNING * * *
You are too injured to fight recklessly!
You are too injured to fight recklessly!
You are too injured to fight recklessly!
You are too injured to fight recklessly!
You hit the gnoll but do no damage.
The gnoll is severely wounded.
The gnoll hits you with a +0 flail!
You die...

#.# #.#.#
#.##...######## ##.#
#.#.#####.##>#.# #..#
#.#.......#.##.########
#.##
#.#.........##.........
#.#
#.#...###.#.##.########
#.# #.#.......#.####
#.#####.#....#..#.#
#............g..#..
#########.##@#####<
#.##)# ## #.##.# .
#.##.######)..#
#.#...)))......
#.###########.# #.#


You could see a gnoll.

Vanquished Creatures
  3 gnolls (D:2)
  An adder (D:2)
  4 ball pythons
  2 bats
  2 goblins (D:2)
  A hobgoblin (D:1)
  2 frilled lizards (D:2)
  A rat (D:2)
16 creatures vanquished.

Notes
Turn   | Place    | Note
-------+----------+-------------------------------------------
     0 | D:1      | funnyparkerb the Minotaur Berserker began the quest for the
                  | Orb.
     0 | D:1      | Reached XP level 1. HP: 19/19 MP: 0/0
    74 | D:1      | Reached skill level 4 in Maces & Flails
   138 | D:1      | You fall into a shaft and drop 1 floor!
   240 | D:2      | Reached XP level 2. HP: 25/26 MP: 1/1
   734 | D:2      | Reached skill level 5 in Maces & Flails
   734 | D:2      | Reached XP level 3. HP: 31/31 MP: 2/2
   751 | D:2      | Slain by a gnoll

Illustrated notes

Levels and vault maps discovered:
D:1:      dpeg_arrival_pits, layout_loops_corners,
          chequers_serial_rivers_micro_a
D:2:      layout_basic

Skill      XL: |  1  2 |
---------------+-------+-----
Maces & Flails | 4 5 |  5.6
Fighting       | |  3.6
Armour         | |  2.4
Dodging        | |  2.1

Action                   || total
-------------------------++-------
Melee: Mace              ||    42
       Headbutt          ||     1
Invok: Berserk           ||     2
Armor: Animal skin       ||     7
Dodge: Dodged            ||    40
